 Dungeon Crawl Stone Soup version 0.24.0-123-gd5b16e6ec5 (webtiles) character file.

Game seed: 7639737352167326066, levelgen mode: deterministic

67 ReteAZ the Skirmisher (level 4, -12/35 HPs)
             Began as a Human Fighter on Jan 6, 2020.
             Mangled by an orc warrior
             ... wielding a +0 battleaxe
              (20 damage)
             ... on level 2 of the Dungeon.
             The game lasted 00:01:58 (865 turns).

ReteAZ the Skirmisher (Human Fighter)                Turns: 865, Time: 00:01:58

Health: -12/35     AC:  8    Str: 22    XL:     4   Next: 38%
Magic:  4/4        EV: 12    Int:  8    God:
Gold:   67         SH: 10    Dex: 18    Spells: 3/3 levels left

rFire    . . .     SeeInvis .   a - +0 long sword
rCold    . . .     Gourm    .   c - +0 shield
rNeg     . . .     Faith    .   b - +0 scale mail
rPois    .         Spirit   .   j - +0 helmet
rElec    .         Reflect  .   (no cloak)
rCorr    .         Harm     .   (no gloves)
MR       .....                  (no boots)
Stlth    +.........             (no amulet)
HPRegen  0.11/turn              (no ring)
MPRegen  0.09/turn              (no ring)

@: mighty, agile
A: no striking features
a: no special abilities


You were on level 2 of the Dungeon.
You were not hungry.

You visited 1 branch of the dungeon, and saw 2 of its levels.

You collected 67 gold pieces.

Inventory:

Hand Weapons
 a - a +0 long sword (weapon)
Missiles
 k - 8 boomerangs (quivered)
Armour
 b - a +0 scale mail (worn)
 c - a +0 shield (worn)
 j - a +0 helmet (worn)
Scrolls
 e - 2 scrolls of enchant weapon {unknown}
 h - 3 scrolls of remove curse {unknown}
 i - 2 scrolls of identify {unknown}
 l - a scroll of amnesia {unknown}
 m - 2 scrolls of noise {unknown}
 p - a scroll of fear {unknown}
 q - a scroll of fog {unknown}
 r - a scroll of teleportation {unknown}
 s - a scroll of magic mapping {unknown}
Potions
 o - a potion of lignification {unknown}
Comestibles
 f - 2 rations
 g - 10 chunks of flesh


   Skills:
 + Level 3.4 Fighting
 * Level 3.1 Long Blades
 + Level 3.4 Armour
 + Level 3.4 Shields


You had 3 spell levels left.
You didn't know any spells.
Your spell library was empty.

Dungeon Overview and Level Annotations

Branches:
Dungeon (2/15)

Altars:


Message History

The leopard gecko is severely wounded.
The leopard gecko barely misses you.
You riposte.
You miss the leopard gecko.
The leopard gecko is severely wounded.
You slice the leopard gecko!!
You kill the leopard gecko!
You slash the orc warrior!
The orc warrior is moderately wounded.
The orc warrior hits you with a +0 battleaxe!
You slash the orc warrior!
The orc warrior is heavily wounded.
The orc warrior hits you with a +0 battleaxe!
Your shield and scale mail prevent you from hitting the orc warrior.
The orc warrior is heavily wounded.
The orc warrior hits you with a +0 battleaxe!
* * * LOW HITPOINT WARNING * * *
It was a potion of agility.
You feel agile all of a sudden.
The orc warrior hits you with a +0 battleaxe!!
Ouch! That really hurt!
You die...

## ...# .....####
..w(....# #.# #.#
#w# #o# #@# # #.# ##
#####)# .## #.....#
..###### #.#####
.......# #.#
...###.# #.#
...###.#####.#######
..###..............#


You could see an orc warrior and a worm.

Vanquished Creatures
  An adder (D:2)
  2 oozes (D:1)
  2 leopard geckos
  2 giant cockroaches
  4 goblins
  10 hobgoblins
  6 kobolds (D:1)
  A quokka (D:2)
  10 bats
  3 frilled lizards
  2 rats (D:1)
43 creatures vanquished.

Notes
Turn   | Place    | Note
-------+----------+-------------------------------------------
     0 | D:1      | ReteAZ the Human Fighter began the quest for the Orb.
     0 | D:1      | Reached XP level 1. HP: 18/18 MP: 1/1
   132 | D:1      | Reached XP level 2. HP: 24/24 MP: 2/2
   204 | D:1      | Reached XP level 3. HP: 24/29 MP: 3/3
   803 | D:2      | Reached XP level 4. HP: 35/35 MP: 4/4
   844 | D:2      | Noticed an orc warrior
   865 | D:2      | Mangled by an orc warrior

Levels and vault maps discovered:
D:1:      minmay_arrival_stone_box, layout_loops_ring, minmay_hexomino_c4
D:2:      layout_loops_ring, lemuel_zombie_altar_kikubaaqudgha, minmay_guardbox

Skill      XL: |  1  2  3  4 |
---------------+-------------+-----
Long Blades    | 3 |  3.1
Fighting       | |  3.4
Armour         | |  3.4
Shields        | |  3.4

Action                   |  1- 3 |  4- 6 || total
-------------------------+-------+-------++-------
Melee: Long sword        |   129 |    29 ||   158
Throw: Boomerang         |     3 |     2 ||     5
  Use: Potion            |       |     2 ||     2
Armor: Scale mail        |    87 |    17 ||   104
Dodge: Dodged            |    51 |    19 ||    70
Block: Shield            |    77 |    23 ||   100
       Rpst.: Long sword |    23 |     8 ||    31
